[ AOE2 MATCH · #480972754 ]
Team RMLithuanians vs Wei
[ REPLAY ANALYSIS · EXTRACTED FROM THE RECORDED GAME ]
Feudal
16:13
Castle
21:51
Imperial
—
| APM avg | 12.1 |
| APM peak | 34 |
| eAPM avg | 6.8 |
| Villagers / military | 46 / 13 |
Focus
⚔️ 23.9% · 🌾 76.1%
Fishing Ship ×23 · Knight ×8 · Fire Galley ×2 · Demolition Raft ×2 · Scout Cavalry ×1
Feudal
15:15
Castle
19:16
Imperial
—
| APM avg | 19.1 |
| APM peak | 46 |
| eAPM avg | 10.8 |
| Villagers / military | 36 / 6 |
Focus
⚔️ 17.6% · 🌾 82.4%
Spearman ×3 · Fire Galley ×3 · Unknown (1949) ×3 · Fishing Ship ×2 · Unknown (1944) ×1
Feudal
19:07
Castle
—
Imperial
—
| APM avg | 16.2 |
| APM peak | 42 |
| eAPM avg | 5.9 |
| Villagers / military | 35 / 6 |
Focus
⚔️ 7.2% · 🌾 92.8%
Fishing Ship ×11 · Militia ×5 · Fire Galley ×1
Feudal
15:03
Castle
20:18
Imperial
—
| APM avg | 41.7 |
| APM peak | 72 |
| eAPM avg | 19.3 |
| Villagers / military | 79 / 10 |
Focus
⚔️ 30.5% · 🌾 69.5%
Fishing Ship ×9 · Camel Scout ×5 · Fire Galley ×5
Match map
Initial resources + every placement click. Lines = walls · curves = elevation contours. ◆ gold · ⬟ stone · ● berries · ✦ relic · ◌ wall gap
Your base· Open — unwalled flank
bayirattack's base· Open — 11t gap
cakabokin's base· Open — unwalled flank
dudellidu's base· Open — 4t gap
Smoothed initial terrain · ◌ = detected wall gap · hover for details
Inputs per minute
— Superconductor - - bayirattack
Build order — Superconductor
117 actions detected in the replay
| 0:19 | Build | Town Center |
| 1:10 | Build | Dock |
| 2:51 | Create | Villager (Male) |
| 2:54 | Create | Villager (Male) |
| 2:56 | Create | Villager (Male) |
| 2:57 | Create | Villager (Male) |
| 2:58 | Create | Villager (Male) |
| 3:00 | Create | Villager (Male) |
| 3:19 | Build | House |
| 3:31 | Research | Loom |
| 3:32 | Create | Villager (Male) |
| 3:34 | Create | Villager (Male) |
| 3:35 | Create | Villager (Male) |
| 3:36 | Create | Villager (Male) |
| 4:19 | Create | Fishing Ship |
| 4:36 | Create | Villager (Male) |
| 4:50 | Build | House |
| 5:26 | Create | Fishing Ship |
| 6:19 | Build | House |
| 6:23 | Build | House |
| 6:26 | Create | Villager (Male) |
| 6:42 | Create | Fishing Ship |
| 7:14 | Create | Villager (Male) |
| 7:33 | Create | Villager (Male) |
| 7:41 | Create | Fishing Ship |
| 8:11 | Create | Villager (Male) |
| 8:47 | Create | Villager (Male) |
| 9:29 | Create | Villager (Male) |
| 9:34 | Create | Fishing Ship |
| 9:35 | Create | Fishing Ship |
| 9:36 | Create | Fishing Ship |
| 9:59 | Create | Fishing Ship |
| 10:10 | Create | Villager (Male) |
| 10:11 | Create | Villager (Male) |
| 10:42 | Create | Villager (Male) |
| 10:44 | Create | Villager (Male) |
| 10:46 | Create | Villager (Male) |
| 10:51 | Build | House |
| 10:52 | Build | House |
| 10:54 | Create | Villager (Male) |
| 10:59 | Create | Villager (Male) |
| 12:16 | Build | Mill |
| 12:24 | Create | Villager (Male) |
| 12:30 | Create | Fishing Ship |
| 12:31 | Create | Fishing Ship |
| 12:46 | Create | Villager (Male) |
| 13:05 | Build | House |
| 13:07 | Build | House |
| 13:08 | Build | House |
| 13:09 | Build | House |
| 13:10 | Build | House |
| 13:13 | Build | House |
| 13:22 | Build | House |
| 13:33 | Build | House |
| 14:03 | Research | Feudal Age |
| 14:08 | Create | Fishing Ship |
| 14:09 | Create | Fishing Ship |
| 14:10 | Create | Fishing Ship |
| 14:33 | Create | Fishing Ship |
| 14:41 | Create | Villager (Male) |
| 14:50 | Build | Mining Camp |
| 15:35 | Create | Villager (Male) |
| 15:37 | Create | Villager (Male) |
| 16:01 | Create | Villager (Male) |
| 16:13 | Age | Feudal Age |
| 16:32 | Build | Blacksmith |
| 16:40 | Build | Barracks |
| 16:45 | Create | Villager (Male) |
| 17:01 | Build | Mill |
| 17:09 | Create | Villager (Male) |
| 17:09 | Create | Villager (Male) |
| 17:19 | Create | Demolition Raft |
| 17:24 | Create | Fishing Ship |
| 17:24 | Create | Fishing Ship |
| 17:26 | Create | Fishing Ship |
| 17:27 | Create | Fishing Ship |
| 17:40 | Build | Dock |
| 18:05 | Create | Demolition Raft |
| 18:08 | Create | Fishing Ship |
| 18:09 | Create | Fishing Ship |
| 18:15 | Build | Stable |
| 18:52 | Create | Fishing Ship |
| 18:52 | Create | Fishing Ship |
| 18:53 | Create | Fishing Ship |
| 19:07 | Build | Mining Camp |
| 19:11 | Research | Castle Age |
| 19:41 | Build | Lumber Camp |
| 20:08 | Build | Dock |
| 20:14 | Create | Scout Cavalry |
| 20:17 | Research | Bloodlines |
| 20:29 | Build | House |
| 20:31 | Build | House |
| 21:22 | Create | Fire Galley |
| 21:23 | Create | Fire Galley |
| 21:43 | Create | Villager (Male) |
| 21:51 | Age | Castle Age |
| 22:01 | Create | Knight |
| 22:09 | Build | Stable |
| 22:44 | Create | Knight |
| 23:11 | Build | Town Center |
| 23:19 | Create | Knight |
| 23:24 | Research | Forging |
| 23:28 | Research | Scale Barding Armor |
| 23:28 | Research | Forging |
| 23:46 | Research | Double-Bit Axe |
| 24:18 | Create | Villager (Male) |
| 24:21 | Research | Wheelbarrow |
| 24:24 | Create | Knight |
| 24:32 | Create | Knight |
| 24:40 | Research | Husbandry |
| 24:57 | Build | Town Center |
| 25:22 | Create | Knight |
| 25:35 | Create | Villager (Male) |
| 26:42 | Create | Knight ×2 |
| 26:51 | Create | Villager (Male) ×5 |
| 26:52 | Create | Villager (Male) ×5 |
| 28:25 | Research | Chain Barding Armor |
Build order — bayirattack
96 actions detected in the replay
| 1:05 | Build | Town Center |
| 2:58 | Build | House |
| 2:58 | Build | House |
| 3:07 | Create | Villager (Male) ×4 |
| 4:46 | Create | Villager (Male) |
| 5:12 | Create | Villager (Male) |
| 5:16 | Build | Lumber Camp |
| 5:28 | Create | Villager (Male) |
| 6:00 | Create | Villager (Male) |
| 6:27 | Create | Villager (Male) |
| 6:55 | Create | Villager (Male) |
| 7:13 | Create | Villager (Male) |
| 7:30 | Build | House |
| 7:31 | Build | House |
| 7:44 | Create | Villager (Male) |
| 7:56 | Create | Villager (Male) |
| 8:36 | Create | Villager (Male) |
| 8:40 | Create | Villager (Male) |
| 9:28 | Research | Loom |
| 9:48 | Create | Villager (Male) |
| 10:19 | Create | Villager (Male) |
| 10:22 | Create | Villager (Male) |
| 11:09 | Create | Villager (Male) |
| 11:11 | Create | Villager (Male) |
| 11:17 | Create | Villager (Male) |
| 11:18 | Create | Villager (Male) |
| 11:35 | Build | Mill |
| 12:14 | Build | Mining Camp |
| 12:37 | Build | Mining Camp |
| 12:49 | Build | Dock |
| 13:05 | Research | Feudal Age |
| 13:05 | Research | Feudal Age |
| 13:21 | Build | House |
| 13:22 | Build | House |
| 13:26 | Build | Barracks |
| 14:05 | Create | Fishing Ship |
| 15:15 | Age | Feudal Age |
| 15:29 | Build | Blacksmith |
| 15:45 | Build | Market |
| 15:51 | Create | Villager (Male) |
| 16:07 | Create | Fishing Ship |
| 16:36 | Research | Castle Age |
| 16:36 | Research | Castle Age |
| 16:51 | Build | Farm |
| 16:52 | Build | Farm |
| 17:12 | Research | Double-Bit Axe |
| 17:12 | Research | Double-Bit Axe |
| 17:21 | Build | Farm |
| 17:31 | Build | Farm |
| 17:52 | Build | Farm |
| 18:15 | Build | House |
| 18:16 | Build | House |
| 18:37 | Build | Farm |
| 19:00 | Build | Stable |
| 19:16 | Age | Castle Age |
| 19:24 | Research | Forging |
| 19:27 | Research | Scale Barding Armor |
| 19:42 | Create | Villager (Male) |
| 19:58 | Build | Castle |
| 20:04 | Create | Unit 1944 |
| 20:16 | Create | Villager (Male) |
| 20:51 | Create | Villager (Male) |
| 20:57 | Build | Farm |
| 21:06 | Build | Town Center |
| 21:14 | Create | Villager (Male) |
| 21:25 | Research | War Galley (upgrade) |
| 21:25 | Research | War Galley (upgrade) |
| 21:27 | Create | Fire Galley |
| 21:28 | Create | Fire Galley |
| 21:38 | Build | Farm |
| 21:57 | Research | Fletching |
| 21:57 | Research | Fletching |
| 22:21 | Create | Villager (Male) |
| 22:21 | Create | Villager (Male) |
| 22:54 | Build | University |
| 23:22 | Research | Bodkin Arrow |
| 23:32 | Create | Fire Galley |
| 23:44 | Create | Villager (Male) |
| 24:26 | Build | Town Center |
| 24:30 | Create | Villager (Male) |
| 24:35 | Build | Farm |
| 24:54 | Create | Unit 1949 |
| 25:02 | Create | Villager (Male) |
| 25:10 | Build | Farm |
| 25:11 | Build | Farm |
| 25:18 | Research | Tech 906 |
| 25:59 | Create | Villager (Male) |
| 25:59 | Create | Villager (Male) |
| 26:07 | Create | Unit 1949 |
| 26:34 | Create | Unit 1949 |
| 26:59 | Create | Villager (Male) |
| 26:59 | Create | Villager (Male) |
| 27:37 | Create | Spearman |
| 27:37 | Create | Spearman |
| 28:04 | Build | Farm |
| 28:14 | Create | Spearman |
Build order — cakabokin
59 actions detected in the replay
| 2:27 | Build | Town Center |
| 4:55 | Create | Villager (Male) |
| 4:56 | Create | Villager (Male) |
| 4:56 | Create | Villager (Male) |
| 4:56 | Create | Villager (Male) |
| 6:46 | Research | Loom |
| 6:47 | Create | Villager (Male) |
| 6:47 | Create | Villager (Male) |
| 8:13 | Create | Villager (Male) |
| 8:13 | Create | Villager (Male) |
| 8:13 | Create | Villager (Male) |
| 8:40 | Create | Villager (Male) |
| 8:40 | Create | Villager (Male) |
| 9:33 | Build | Lumber Camp |
| 11:00 | Create | Villager (Male) |
| 11:00 | Create | Villager (Male) |
| 11:00 | Create | Villager (Male) |
| 11:00 | Create | Villager (Male) |
| 11:11 | Build | Mill |
| 12:07 | Build | Dock |
| 12:30 | Create | Villager (Male) |
| 12:59 | Create | Fishing Ship |
| 12:59 | Create | Fishing Ship |
| 13:33 | Create | Villager (Male) |
| 13:34 | Create | Villager (Male) |
| 13:59 | Create | Villager (Male) |
| 14:12 | Build | Farm |
| 14:18 | Create | Fishing Ship |
| 14:34 | Build | Farm |
| 14:51 | Create | Villager (Male) |
| 14:51 | Create | Villager (Male) |
| 14:51 | Create | Villager (Male) |
| 15:05 | Create | Fishing Ship |
| 15:25 | Build | Farm |
| 15:32 | Create | Fishing Ship |
| 16:17 | Create | Fishing Ship |
| 16:34 | Build | Lumber Camp |
| 16:57 | Research | Feudal Age |
| 17:32 | Build | Dock |
| 19:07 | Age | Feudal Age |
| 19:15 | Create | Fire Galley |
| 19:25 | Create | Villager (Male) ×5 |
| 19:41 | Build | Dock |
| 19:49 | Create | Fishing Ship ×5 |
| 20:05 | Build | Mining Camp |
| 20:32 | Build | Barracks |
| 21:43 | Build | Barracks |
| 21:53 | Build | Farm |
| 22:46 | Research | Man-at-Arms (upgrade) |
| 22:56 | Build | Farm |
| 23:00 | Build | Farm |
| 23:32 | Build | Mill |
| 23:42 | Create | Militia ×5 |
| 23:55 | Create | Villager (Male) |
| 23:56 | Create | Villager (Male) |
| 23:56 | Create | Villager (Male) |
| 24:27 | Build | Farm |
| 26:00 | Create | Villager (Male) ×5 |
| 26:22 | Build | Watch Tower |
Build order — dudellidu
141 actions detected in the replay
| 0:19 | Build | Town Center |
| 0:59 | Build | Dock |
| 1:22 | Build | House |
| 1:24 | Build | House |
| 2:54 | Create | Villager (Male) |
| 2:55 | Create | Villager (Male) |
| 2:55 | Create | Villager (Male) |
| 2:55 | Create | Villager (Male) |
| 3:35 | Create | Villager (Male) |
| 3:35 | Create | Villager (Male) |
| 3:46 | Research | Loom |
| 4:13 | Create | Villager (Male) |
| 4:13 | Create | Villager (Male) |
| 4:48 | Create | Fishing Ship |
| 5:29 | Create | Villager (Male) |
| 5:48 | Create | Fishing Ship |
| 5:53 | Build | House |
| 5:55 | Build | House |
| 6:48 | Create | Villager (Male) |
| 6:48 | Create | Villager (Male) |
| 7:25 | Create | Fishing Ship |
| 7:28 | Create | Villager (Male) |
| 7:28 | Create | Villager (Male) |
| 7:38 | Build | House |
| 8:05 | Create | Villager (Male) |
| 8:09 | Create | Villager (Male) |
| 8:09 | Create | Villager (Male) |
| 8:40 | Create | Fishing Ship |
| 8:51 | Create | Villager (Male) |
| 8:51 | Create | Villager (Male) |
| 8:51 | Create | Villager (Male) |
| 10:07 | Create | Villager (Male) |
| 10:07 | Create | Villager (Male) |
| 10:07 | Create | Villager (Male) |
| 10:09 | Create | Fishing Ship |
| 10:09 | Create | Fishing Ship |
| 11:31 | Build | Mining Camp |
| 12:03 | Create | Villager (Male) |
| 12:06 | Create | Villager (Male) |
| 12:18 | Build | Mill |
| 12:34 | Create | Fishing Ship |
| 12:49 | Research | Feudal Age |
| 13:05 | Build | Dock |
| 13:39 | Build | Lumber Camp |
| 14:39 | Build | Barracks |
| 14:45 | Build | House |
| 14:48 | Build | House |
| 15:03 | Age | Feudal Age |
| 15:39 | Build | Market |
| 15:49 | Create | Villager (Male) |
| 16:05 | Create | Fire Galley |
| 16:48 | Build | Blacksmith |
| 16:53 | Build | House |
| 17:00 | Create | Villager (Male) |
| 17:23 | Create | Fire Galley |
| 17:38 | Research | Castle Age |
| 18:02 | Build | Farm |
| 18:05 | Build | Farm |
| 18:22 | Create | Fishing Ship |
| 18:22 | Create | Fishing Ship |
| 18:57 | Create | Fire Galley |
| 19:11 | Research | Forging |
| 19:12 | Research | Scale Barding Armor |
| 19:16 | Research | Double-Bit Axe |
| 19:44 | Create | Fire Galley |
| 20:04 | Research | Horse Collar |
| 20:08 | Build | House |
| 20:09 | Build | House |
| 20:12 | Build | House |
| 20:18 | Age | Castle Age |
| 20:52 | Research | Chain Barding Armor |
| 20:58 | Research | Wheelbarrow |
| 21:03 | Build | Farm |
| 21:18 | Create | Fire Galley |
| 22:33 | Build | Town Center |
| 22:38 | Build | House |
| 22:47 | Create | Villager (Male) ×5 |
| 22:47 | Create | Villager (Male) ×5 |
| 23:10 | Research | Bow Saw |
| 23:19 | Create | Villager (Male) ×5 |
| 23:20 | Create | Villager (Male) ×5 |
| 24:04 | Build | Stable |
| 24:07 | Create | Villager (Male) ×5 |
| 24:08 | Create | Villager (Male) ×4 |
| 24:08 | Create | Villager (Male) ×4 |
| 24:17 | Create | Villager (Male) |
| 24:45 | Build | Town Center |
| 24:51 | Create | Villager (Male) ×3 |
| 25:06 | Create | Camel Scout |
| 25:07 | Create | Camel Scout |
| 25:21 | Create | Villager (Male) |
| 25:21 | Create | Villager (Male) |
| 25:28 | Build | Stable |
| 25:44 | Create | Villager (Male) ×2 |
| 25:44 | Create | Villager (Male) ×2 |
| 25:49 | Build | Archery Range |
| 25:55 | Create | Villager (Male) |
| 25:59 | Build | House |
| 26:00 | Build | House |
| 26:01 | Build | House |
| 26:01 | Build | House |
| 26:01 | Build | House |
| 26:02 | Build | House |
| 26:02 | Build | House |
| 26:02 | Build | House |
| 26:02 | Build | House |
| 26:03 | Build | House |
| 26:03 | Build | House |
| 26:03 | Build | House |
| 26:03 | Build | House |
| 26:17 | Build | Mining Camp |
| 26:21 | Create | Villager (Male) |
| 26:21 | Create | Villager (Male) ×2 |
| 26:38 | Build | Archery Range |
| 26:44 | Create | Villager (Male) |
| 27:00 | Create | Camel Scout |
| 27:00 | Create | Camel Scout |
| 27:21 | Create | Villager (Male) ×2 |
| 27:31 | Build | Farm |
| 27:31 | Build | Farm |
| 27:31 | Build | Farm |
| 27:32 | Build | Farm |
| 27:32 | Build | Farm |
| 27:32 | Build | Farm |
| 27:32 | Build | Farm |
| 27:33 | Build | Farm |
| 27:33 | Build | Farm |
| 27:33 | Build | Farm |
| 27:33 | Build | Farm |
| 27:33 | Build | Farm |
| 27:37 | Create | Camel Scout |
| 28:06 | Create | Villager (Male) ×2 |
| 28:31 | Create | Villager (Male) |
| 28:44 | Build | Farm |
| 28:44 | Build | Farm |
| 28:44 | Build | Farm |
| 28:47 | Build | Farm |
| 28:47 | Build | Farm |
| 28:48 | Build | Farm |
| 28:48 | Build | Farm |
| 28:48 | Build | Farm |
Match timeline
| 0:59 | dudellidu · first_building Dock |
| 1:10 | Superconductor · first_building Dock |
| 12:07 | cakabokin · first_building Dock |
| 12:49 | bayirattack · first_building Dock |
| 13:26 | bayirattack · first_building Barracks |
| 14:39 | dudellidu · first_building Barracks |
| 15:03 | dudellidu · age_up feudal |
| 15:15 | bayirattack · age_up feudal |
| 16:13 | Superconductor · age_up feudal |
| 16:40 | Superconductor · first_building Barracks |
| 18:15 | Superconductor · first_building Stable |
| 19:00 | bayirattack · first_building Stable |
| 19:07 | cakabokin · age_up feudal |
| 19:16 | bayirattack · age_up castle |
| 19:58 | bayirattack · first_building Castle |
| 20:18 | dudellidu · age_up castle |
| 20:32 | cakabokin · first_building Barracks |
| 21:51 | Superconductor · age_up castle |
| 24:04 | dudellidu · first_building Stable |
| 24:17 | bayirattack · first_market_buy 100 stone |
| 25:49 | dudellidu · first_building Archery Range |
| 28:48 | bayirattack · resign |
[ AI ANALYSIS · 1 CREDIT ]
What really happened in this match?
Wolo.gg analyzes every decision: build order, eco, micro, common mistakes by bracket. Personalized analysis on WhatsApp or Discord in 30 seconds.
Civ guide
Lithuanians
Map guide
Nomad
Perfil
Superconductor